 Seeded DCSS version 0.30-a0-718-geaa24f58ff (webtiles) character file.

Game seed: 12313764872785168201 (custom seed)

21 voltaire321 the Insei (level 2, 0/18 HPs)
             Began as an Octopode Transmuter on Jan 25, 2023.
             Slain by an endoplasm (1 damage)
             ... on level 1 of the Dungeon.
             The game lasted 00:00:50 (156 turns).

voltaire321 the Insei (Octopode Transmuter)          Turns: 156, Time: 00:00:50

Health: 0/18       AC:  1    Str:  9    XL:     2   Next: 83%
Magic:  4/5        EV: 13    Int: 15    God:
Gold:   0          SH:  0    Dex: 12    Spells: 4/5 levels left

rFire   . . .      SeeInvis .      - Unarmed
rCold   + . .      Faith    .    (no shield)
rNeg    . . .      Spirit   .    (helmet restricted)
rPois   .          Reflect  .    (no amulet)
rElec   .          Harm     .    b - ring of protection from cold
rCorr   .          Rampage  .    (no ring)
Will    .....                    (no ring)
Stlth   ++                       (no ring)
HPRegen 0.23/turn                (no ring)
MPRegen 0.09/turn                (no ring)
                                 (no ring)
                                 (no ring)

@: no status effects
A: almost no armour, amphibious, 8 rings, camouflage 1, gelatinous body 1,
(nimble swimmer 1), tentacles
a: no special abilities


You were on level 1 of the Dungeon.
You visited 1 branch of the dungeon, and saw 1 of its levels.

Inventory:

Jewellery
 b - a ring of protection from cold (left tentacle)
Scrolls
 c - a scroll of identify {unknown}
Potions
 a - a potion of lignification
 d - a potion of degeneration {unknown}


   Skills:
 + Level 1.4 Fighting
 + Level 2.3 Dodging
 + Level 3.2 Unarmed Combat
 + Level 2.2 Spellcasting
 + Level 2.2 Transmutations


You had 4 spell levels left.
You knew the following spells:

 Your Spells              Type           Power      Damage    Failure   Level
a - Beastly Appendage     Tmut           16%        N/A       9%          1

Your spell library contained the following spells:

 Spells                   Type           Power      Damage    Failure   Level
 Wereblood                Tmut           8%         N/A       13%         2
 Apportation              Tloc           2%         N/A       22%         1
 Spider Form              Tmut/Pois      5%         N/A       38%         3
 Ice Form                 Ice/Tmut       5%         N/A       80%         4
 Alistair's Intoxication  Tmut/Pois      3%         N/A       98%         5


Dungeon Overview and Level Annotations

Branches:
Dungeon (1/15)

Altars:


Innate Abilities, Weirdness & Mutations

You cannot wear most types of armour.
You are amphibious.
You can wear up to eight rings at the same time.
Your skin changes colour to match your surroundings (Stealth+).
Your rubbery body absorbs attacks. (AC +1, EV +1)
((You are camouflaged when in or above water. (Stealth+)))
You have tentacles for arms and can constrict up to eight enemies at once.


Message History

You tentacle-slap the quokka. Your grab misses the quokka.
Your tentacle spike misses the quokka.
You tentacle-slap the quokka.
You kill the quokka!
Things that are here:
a quokka corpse; a hobgoblin corpse You tentacle-slap the gnoll but do no damage.
Your grab misses the gnoll.
Your tentacle spike misses the gnoll.
Your tentacle spike disappears.
You closely miss the gnoll. Your grab misses the gnoll.
The gnoll hits you with a +0 flail!
Ouch! That really hurt!
You tentacle-slap the gnoll but do no damage.
Your grab misses the gnoll. The gnoll barely misses you.
You closely miss the gnoll. Your grab misses the gnoll. The gnoll misses you.
You tentacle-slap the gnoll. Your grab misses the gnoll. You squeeze the gnoll.
The gnoll is severely wounded.
The gnoll closely misses you.
You tentacle-slap the gnoll but do no damage.
You grab the gnoll. You squeeze the gnoll.
The gnoll is severely wounded.
You constrict the gnoll. The endoplasm freezes you.
You are frozen.
You resist. The gnoll closely misses you.
You tentacle-slap the gnoll.
You kill the gnoll!
The endoplasm hits you.
* * * LOW HITPOINT WARNING * * *
You tentacle-slap the endoplasm but do no damage.
The endoplasm hits you.
* * * LOW HITPOINT WARNING * * *
You barely miss the endoplasm. The endoplasm hits you.
* * * LOW HITPOINT WARNING * * *
You tentacle-slap the endoplasm.
The endoplasm is moderately wounded.
The endoplasm hits you.
* * * LOW HITPOINT WARNING * * *
You tentacle-slap the endoplasm.
The endoplasm is severely wounded.
The endoplasm hits you.
You die...

#. .####.... . #. #........
..##.##........ .............
...#......J. #.......... ##.....#
#..J)# #...@## .. ####
#########†..## #...# #.
...####.........#...####.#.# #.#
......###.##....###...##.#.#..#
....#...#.##....# ##.##.#.#⌠..
....#.<.#.......## #.#.....####.
.##.#...#........####............
.##.###........#....#...........#
...... ###.....###.....#........#


You could see an endoplasm.

Vanquished Creatures
  A gnoll (D:1)
  A dart slug (D:1)
  2 ball pythons (D:1)
  A giant cockroach (D:1)
  A hobgoblin (D:1)
  A kobold (D:1)
  A quokka (D:1)
  A rat (D:1)
9 creatures vanquished.

Notes
Turn   | Place    | Note
-------+----------+-------------------------------------------
     0 | D:1      | voltaire321 the Octopode Transmuter began the quest for the
                  | Orb.
     0 | D:1      | Reached XP level 1. HP: 13/13 MP: 3/3
   141 | D:1      | Reached XP level 2. HP: 18/18 MP: 3/5
   156 | D:1      | Slain by an endoplasm

Illustrated notes

Levels and vault maps discovered:
D:1:      amcnicky_arrival_double_pillar, layout_rooms, roderic_three_in_a_row

Action                     || total
---------------------------++-------
  Melee: Unarmed           ||    25
         Constrict         ||     6
         Tentacles         ||     4
         Kick              ||     3
         Punch             ||     1
   Cast: Beastly Appendage ||     5
 Armour: Skin              ||     1
  Dodge: Dodged            ||     7

Table legend: (Time is in decaauts)
 A = Elapsed time spent in this place.
 B = Non-inter-level travel time spent in this place.
 C = Inter-level travel time spent in this place.
 D = Time resting spent in this place.
 E = Time spent auto-exploring this place.
 F = Levels seen in this place.
 G = Mean time per level.
                   A        B        C        D        E       F      G
               +--------+--------+--------+--------+--------+-----+--------+
         Total |    154 |    154 |      0 |      0 |     45 |   1 |  154.0 |
       Dungeon |    154 |    154 |      0 |      0 |     45 |   1 |  154.0 |
               +--------+--------+--------+--------+--------+-----+--------+

Top non-repeatable levels by time:
     D:1: 154 daAuts
